 Dungeon Crawl Stone Soup version 0.26.1-11-gd32895ea62 (webtiles) character file.

Game seed: 12833753148647243311

171 Zeld the Sneak (level 5, -5/34 HPs)
             Began as an Octopode Brigand on May 15, 2021.
             Slain by a gnoll
             ... wielding a +0 spear of venom
              (8 damage)
             ... on level 3 of the Dungeon.
             The game lasted 00:04:21 (3587 turns).

Zeld the Sneak (Octopode Brigand)                   Turns: 3587, Time: 00:04:21

Health: -5/34      AC:  1    Str: 11    XL:     5   Next: 51%
Magic:  8/8        EV: 13    Int: 14    God:
Gold:   131        SH:  0    Dex: 13    Spells: 8/8 levels left

rFire    . . .     SeeInvis .   a - +2 dagger
rCold    . . .     Faith    .   (no shield)
rNeg     . . .     Spirit   .   (helmet restricted)
rPois    .         Reflect  .   (no amulet)
rElec    .         Harm     .   (no ring)
rCorr    .         Rampage  .   (no ring)
Will     .....                  (no ring)
Stlth    ++++......             (no ring)
HPRegen  0.11/turn              (no ring)
MPRegen  0.11/turn              (no ring)
                                (no ring)
                                (no ring)

@: lethally poisoned (-5 -> -13)
A: almost no armour, stealthy swim, amphibious, 8 rings, constrict 8, camouflage
1, gelatinous body 1
a: no special abilities


You were on level 3 of the Dungeon.
You visited 1 branch of the dungeon, and saw 3 of its levels.

You collected 131 gold pieces.

Inventory:

Hand Weapons
 a - a +2 dagger (weapon)
Missiles
 b - 8 poisoned darts (quivered)
 c - 2 curare-tipped darts
Jewellery
 k - an uncursed ring of flight {unknown}
 n - an uncursed ring of wizardry {unknown}
Scrolls
 f - 4 scrolls of identify {unknown}
 g - 2 scrolls of teleportation {unknown}
 h - a scroll of fear {unknown}
 i - a scroll of remove curse {unknown}
 j - a scroll of enchant armour {unknown}
 l - a scroll of noise {unknown}
 o - a scroll of immolation {unknown}
Potions
 d - a potion of invisibility {unknown}
 e - a potion of brilliance {unknown}
 m - 2 potions of curing {unknown}


   Skills:
 - Level 2.0 Fighting
 - Level 2.0 Short Blades
 * Level 4.7 Throwing
 - Level 1.0 Dodging
 - Level 5.3 Stealth
 + Level 2.3 Spellcasting


You had 8 spell levels left.
You didn't know any spells.
Your spell library was empty.

Dungeon Overview and Level Annotations

Branches:
Dungeon (3/15)

Altars:


Innate Abilities, Weirdness & Mutations

You cannot wear most types of armour.
You are very stealthy in the water. (Stealth+)
You are amphibious.
You can wear up to eight rings at the same time.
You can use your tentacles to constrict eight enemies at once.
Your skin changes colour to match your surroundings (Stealth+).
Your rubbery body absorbs attacks. (AC +1, EV +1)


Message History

You become entangled in the net!
Things that are here:
a throwing net; a throwing net You struggle against the net.
You struggle against the net.
The gnoll hits you from afar with a +0 spear of venom.
You are poisoned.
You struggle against the net.
You feel sick.
The gnoll hits you from afar with a +0 halberd!
The gnoll closely misses you.
You struggle against the net.
You feel sick.
The gnoll hits you from afar with a +0 spear of venom!
* * * LOW HITPOINT WARNING * * *
The gnoll barely misses you.
You shred the net and break free!
* * * LOW HITPOINT WARNING * * *
You feel sick.
A goblin comes into view. It is wielding a +0 dagger.
The gnoll hits you from afar with a +0 spear of venom!
You die...

............#..#...##
#...#..........#....#
#.....$....###.#.#..#
#.#...#.#...##.#.#..#
#........#.#.#.##
.........#.#.#..#
.....g...#.#.#..#####
.......g...#<........#
...........#@...#....#
..........g..........#
(.........g..........#
..........(..........#
...........)g.........
......##.....#####...
.### #####.# .g. ..#
#.#


You could see 3 gnolls and a goblin (wandering).

Vanquished Creatures
  2 orc wizards (D:2)
  2 gnolls
  2 adders (D:2)
  2 oozes
  3 worms
  2 dart slugs (D:2)
  A leopard gecko (D:2)
  2 orcs (D:2)
  4 giant cockroaches
  4 hobgoblins (D:1)
  2 jackals (D:1)
  4 kobolds
  15 bats
  4 frilled lizards (D:1)
  6 goblins
  A quokka skeleton (D:3)
  5 rats
61 creatures vanquished.

Notes
Turn   | Place    | Note
-------+----------+-------------------------------------------
     0 | D:1      | Zeld the Octopode Brigand began the quest for the Orb.
     0 | D:1      | Reached XP level 1. HP: 14/14 MP: 1/1
   223 | D:1      | Reached XP level 2. HP: 19/19 MP: 2/2
   400 | D:1      | You fall into a shaft and drop 1 floor!
   431 | D:2      | Reached skill level 1 in Spellcasting
   529 | D:2      | Reached XP level 3. HP: 21/24 MP: 4/4
  1242 | D:2      | Reached XP level 4. HP: 29/29 MP: 6/6
  1801 | D:2      | Reached XP level 5. HP: 7/34 MP: 8/8
  2812 | D:3      | Noticed an ice beast
  3587 | D:3      | Slain by a gnoll

Illustrated notes

Levels and vault maps discovered:
D:1:      minmay_arrival_stair_chambers, layout_basic
D:2:      layout_rooms, minmay_fountain_box
D:3:      layout_rooms, serial_co_window_serial, co_window_corner_a,
          co_window_corner_a, co_window_paths_a, co_window_corner_a,
          co_window_paths_a, co_window_paths_a, co_window_paths_a,
          co_window_unsneaky_path_a, co_window_broadway_a,
          co_window_of_opportunity_c, glass_columns_b, kennysheep_donut

Skill      XL: |  1  2  3  4 |
---------------+-------------+-----
Spellcasting   | 1 2 |  2.3
Throwing       | 3 4 |  4.7
Fighting       | |  2.0
Short Blades   | |  2.0
Dodging        | |  1.0
Stealth        | |  5.3

Action                   |  1- 3 |  4- 6 || total
-------------------------+-------+-------++-------
Melee: Dagger            |    61 |    63 ||   124
       Constrict         |    18 |    13 ||    31
       Tentacles         |    11 |    12 ||    23
Throw: Dart              |     1 |       ||     1
 Stab: Sleeping          |    20 |     6 ||    26
Armor: Skin              |     5 |     7 ||    12
Dodge: Dodged            |    36 |    40 ||    76
